 Dungeon Crawl Stone Soup version 0.29.0-11-gd7f09526c8 (webtiles) character file.

Game seed: 9150887285775393986

53 leavemydog the Conjurer (level 3, 0/19 HPs)
             Began as a Deep Elf Conjurer on Sept 6, 2022.
             Slain by Grinder (5 damage)
             ... on level 3 of the Dungeon.
             The game lasted 00:01:51 (2019 turns).

leavemydog the Conjurer (Deep Elf Conjurer)         Turns: 2019, Time: 00:01:52

Health: 0/19       AC:  2    Str:  4    XL:     3   Next: 64%
Magic:  7/10       EV: 12    Int: 24    God:
Gold:   108        SH:  0    Dex: 13    Spells: 6/9 levels left

rFire   . . .      SeeInvis .   e - +0 dagger (speed)
rCold   . . .      Faith    .   (no shield)
rNeg    . . .      Spirit   .   a - +0 robe
rPois   .          Reflect  .   (no helmet)
rElec   .          Harm     .   (no cloak)
rCorr   .          Rampage  .   (no gloves)
Will    .....                   (no boots)
Stlth   ++........              o - amulet of regeneration
HPRegen 0.06/turn               (no ring)
MPRegen 0.12/turn               (no ring)

@: no status effects
A: no striking features
a: no special abilities


You were on level 3 of the Dungeon.
You visited 1 branch of the dungeon, and saw 3 of its levels.

You collected 108 gold pieces.

Inventory:

Hand Weapons
 e - a +0 dagger of speed (weapon)
Armour
 a - a +0 robe (worn)
Jewellery
 o - an amulet of regeneration (around neck)
Scrolls
 c - a scroll of teleportation {unknown}
 f - a scroll of fog {unknown}
 g - 2 scrolls of summoning {unknown}
 h - a scroll of vulnerability {unknown}
 k - a scroll of brand weapon {unknown}
 l - 2 scrolls of blinking {unknown}
 n - 2 scrolls of identify {unknown}
Potions
 b - a potion of magic
 d - a potion of might {unknown}
 i - a potion of flight {unknown}
 j - a potion of curing {unknown}
 m - a potion of mutation {unknown}


   Skills:
 - Level 2.4 Dodging
 - Level 2.4 Stealth
 + Level 3.5 Spellcasting
 + Level 5.7 Conjurations


You had 6 spell levels left.
You knew the following spells:

 Your Spells              Type           Power      Damage    Failure   Level
a - Magic Dart            Conj           100%       1d8       1%          1
b - Searing Ray           Conj           62%        2d6       1%          2

Your spell library contained the following spells:

 Spells                   Type           Power      Damage    Failure   Level
 Dazzling Flash           Conj/Hex       36%        N/A       10%         3
 Mephitic Cloud           Conj/Pois/Air  13%        N/A       14%         3
 Call Imp                 Summ           4%         N/A       16%         2
 Fulminant Prism          Conj/Hex       9%         3d7       30%         4
 Iskenderun's Mystic Bla  Conj/Tloc      18%        2d6       30%         4


Dungeon Overview and Level Annotations

Branches:
Dungeon (3/15)

Altars:

Annotations:
D:3 Grinder


Message History

You open the door.
There is an open door here.
There is an open door here.
There is an open door here.
Done exploring.
Done exploring.
Done exploring.
Okay, then.
(D) Dungeon
Where to? (Enter - D:2, ? - help)
There is a stone staircase leading down here.
You climb downwards.
There is a stone staircase leading up here.
Grinder is nearby!
You start putting on your amulet.
You continue putting on your amulet of regeneration. x2
Grinder shouts!
Grinder grins, showing sharp teeth.
You continue putting on your amulet of regeneration. x2
Grinder barely misses you.
You continue putting on your amulet of regeneration.
Grinder hits you.
You writhe in agony.
You finish putting on your amulet of regeneration.
The amulet cannot attune itself to your injured body.
o - an amulet of regeneration (around neck)
Casting: Magic Dart (safe; 1% risk of failure)
Confirm with . or Enter, or press ? or * to list all spells.
Aiming: Searing Ray (safe; 1% risk of failure)
Press: ? - help, Shift-Dir - straight line, f - Grinder
Aim: Grinder (77% to hit)
The searing ray misses Grinder. (Press . to maintain the ray.) Grinder gestures at you.
You resist with significant effort.
The searing ray hits Grinder.
Grinder is lightly wounded.
Grinder hits you!
* * * LOW HITPOINT WARNING * * *
You writhe in agony.
You die...

#.#
#.#
#.# #
#.#
#.#.#
#.#.#
#...#
#..@#
#.5##
#....
###..
#..
#..
...
#.#


You could see Grinder.

Vanquished Creatures
  2 adders (D:2)
  2 dart slugs
  3 ball pythons (D:1)
  2 bats
  An endoplasm (D:1)
  A giant cockroach (D:2)
  3 goblins (D:1)
  3 hobgoblins
  2 jackals (D:1)
  9 frilled lizards (D:1)
  2 kobolds
  A rat (D:1)
31 creatures vanquished.

Vanquished Creatures (others)
  3 plants (D:1)
3 creatures vanquished.

Grand Total: 34 creatures vanquished

Notes
Turn   | Place    | Note
-------+----------+-------------------------------------------
     0 | D:1      | leavemydog the Deep Elf Conjurer began the quest for the
                  | Orb.
     0 | D:1      | Reached XP level 1. HP: 10/10 MP: 6/6
   184 | D:1      | Reached XP level 2. HP: 15/15 MP: 6/8
   193 | D:1      | Learned a level 2 spell: Searing Ray
   382 | D:1      | Found a faded altar of an unknown god.
   396 | D:1      | Reached skill level 5 in Conjurations
  1007 | D:2      | Reached XP level 3. HP: 19/19 MP: 6/9
  2012 | D:3      | Noticed Grinder
  2019 | D:3      | Slain by Grinder

Illustrated notes

Levels and vault maps discovered:
D:1:      dpeg_arrival_rooms_with_view, layout_basic,
          ebering_ecumenical_altar_abandoned, minmay_lizard_king
D:2:      cheibrodos_old_hovel, layout_basic, moated_statue
D:3:      layout_basic, gammafunk_ghost_grave, patterned_corridor, uniq_grinder

Skill      XL: |  1  2 |
---------------+-------+-----
Conjurations   | 5 |  5.7
Dodging        | |  2.4
Stealth        | |  2.4
Spellcasting   | |  3.5

Action                   || total
-------------------------++-------
 Cast: Magic Dart        ||    59
       Searing Ray       ||     1
Armor: Robe              ||     1
Dodge: Dodged            ||     5
